 Dungeon Crawl Stone Soup version 0.31-a0-986-g5e6e4ef867 (webtiles) character file.

Game seed: 15231952968984732244

53 Hubris850 the Ruffian (level 3, -3/42 HPs)
             Began as a Draconian Shapeshifter on Nov 9, 2023.
             Slain by Grinder (6 damage)
             ... on level 3 of the Dungeon.
             The game lasted 00:03:45 (1561 turns).

Hubris850 the Ruffian (Draconian Shapeshifter)      Turns: 1561, Time: 00:03:46

Health: -3/42      AC: 21    Str: 16    XL:     3   Next: 62%
Magic:  3/3        EV:  2    Int: 10    God:
Gold:   106        SH:  0    Dex: 12    Spells: 2/2 levels left

rFire   . .          .
                       - Unarmed
rCold   . . .        (no shield)
rNeg    . . .        (body armour unavailable)
rPois   +            (helmet currently unavailable)
rElec   .            (cloak currently unavailable)
rCorr   .            (gloves currently unavailable)
SInv    .            (boots currently unavailable)
Will    .....        (no amulet)
Stlth   +            (no ring)
HPRegen 0.27/turn    (no ring)
MPRegen 0.08/turn

%: no passive effects
@: tree-form
A: stationary, stasis, torment immunity, boosted hp, AC +5, unfitting armour,
(cold-blooded)
a: no special abilities


You were on level 3 of the Dungeon.
You were a tree.
You visited 1 branch of the dungeon, and saw 3 of its levels.

You collected 106 gold pieces.

Inventory:

Missiles
 n - 5 boomerangs (quivered)
 o - 2 poisoned darts
Jewellery
 k - a ring of fire
Talismans
 b - a beast talisman
 c - a flux talisman
Scrolls
 e - 4 scrolls of identify {unknown}
 g - a scroll of revelation {unknown}
 h - a scroll of blinking {unknown}
 j - 3 scrolls of enchant weapon {unknown}
 l - a scroll of brand weapon {unknown}
Potions
 d - a potion of resistance {unknown}
 f - 3 potions of heal wounds {unknown}
 i - a potion of mutation {unknown}
 m - a potion of enlightenment {unknown}


   Skills:
 - Level 1.1 Fighting
 + Level 2.5 Dodging
 + Level 3.6 Unarmed Combat
 + Level 3.5 Shapeshifting


You had 2 spell levels left.
You didn't know any spells.
Your spell library contained the following spells:

 Spells                   Type           Power      Damage    Failure   Level
 Freeze                   Ice            0%         1d3       36%         1
 Frozen Ramparts          Ice            0%         1d1       75%         3
 Hailstorm                Conj/Ice       0%         3d3       75%         3


Dungeon Overview and Level Annotations

Branches:
Dungeon (3/15)

Altars:
The Shining One

Shops:
D:1 [!=

Annotations:
D:3 Grinder


Innate Abilities, Weirdness & Mutations

You are a tree.
Your roots penetrate the ground, keeping you stationary.
You cannot be teleported.
You are immune to unholy pain and torment.
Your maximum health is greatly increased.
Your equipment is partially melded.
((Your plain brown scales are hard. (AC +5)))
You cannot fit into any form of body armour.
((You are cold-blooded and may be slowed by cold attacks.))


Message History

You throw a boomerang. The boomerang hits Grinder.
Grinder is lightly wounded.
You closely miss Grinder. You tail-slap Grinder.
Grinder is lightly wounded.
Grinder closely misses you.
You hit Grinder.
Grinder is moderately wounded.
Grinder gestures at you. Pain shoots through your body!
You hit Grinder.
Grinder is moderately wounded.
Grinder barely misses you.
You closely miss Grinder.
Grinder is moderately wounded.
Grinder barely misses you.
You hit Grinder. You tail-slap Grinder.
Grinder is heavily wounded.
Grinder hits you.
You writhe in agony.
You are too injured to fight recklessly!
You are too injured to fight recklessly!
You are too injured to fight recklessly!
You are too injured to fight recklessly!
Your transformation has ended.
You turn into a tree.
Your roots penetrate the ground.
Grinder hits you.
You writhe in agony.
* * * LOW HITPOINT WARNING * * *
You closely miss Grinder.
Grinder is heavily wounded.
Grinder hits you but does no damage.
You closely miss Grinder.
Grinder is heavily wounded.
Grinder hits you.
* * * LOW HITPOINT WARNING * * *
You hit Grinder.
Grinder is heavily wounded.
Grinder hits you.
* * * LOW HITPOINT WARNING * * *
You writhe in agony.
You die...
Grinder says, "Now the real fun starts!"

#<...# ####.# ##
#.###. #.....
###### ######
#..... #... #.....
#.##
#....$#############
#.#
+.....'5♣........>#
#.#
#.....###########.#
#.# #..... #.# #.#
#..... #.# #.#
#..... #.####.#
#..... #......#
#..... #.######
#..r.. #.# #.#


You could see Grinder.

Vanquished Creatures
  An adder (D:2)
  2 worms (D:2)
  A dart slug (D:2)
  A bat (D:2)
  2 endoplasms
  4 giant cockroaches
  5 goblins
  2 hobgoblins (D:1)
  3 kobolds
  A quokka (D:2)
  5 ball pythons
  A frilled lizard (D:1)
  9 rats
37 creatures vanquished.

Notes
Turn   | Place    | Note
-------+----------+-------------------------------------------
     0 | D:1      | Hubris850 the Draconian Shapeshifter began the quest for
                  | the Orb.
     0 | D:1      | Reached XP level 1. HP: 16/16 MP: 1/1
    59 | D:1      | Found Asmont's Jewellery Shop.
   360 | D:1      | Found Segik's Distillery.
   364 | D:1      | Reached XP level 2. HP: 23/23 MP: 2/2
   386 | D:1      | Found a faded altar of an unknown god.
   499 | D:1      | Found Nagod's Armour Emporium.
   814 | D:2      | Reached XP level 3. HP: 28/28 MP: 3/3
   897 | D:2      | Found a glowing golden altar of the Shining One.
  1546 | D:3      | Noticed Grinder
  1561 | D:3      | Slain by Grinder

Illustrated notes

Levels and vault maps discovered:
D:1:      spicycebolla_arrival_xxxplode, layout_basic,
          ebering_ecumenical_altar_rust, serial_shops, shop,
          nicolae_shop_hallway_plus, nicolae_shop_behind_doors, minmay_distorted
D:2:      layout_loops_ring, basic_altar, st_stairs_10
D:3:      layout_basic, uniq_grinder

Skill      XL: |  1 |
---------------+----+-----
Dodging        | 2 |  2.5
Fighting       | |  1.1
Unarmed Combat | |  3.6
Shapeshifting  | |  3.5

Action                     || total
---------------------------++-------
  Melee: Unarmed           ||    92
         Tailslap          ||    13
         Punch             ||     2
  Throw: Boomerang         ||     3
    Use: Potion            ||     1
   Stab: Sleeping          ||     3
 Armour: Skin              ||    30
  Dodge: Dodged            ||    47

Table legend: (Time is in decaauts)
 A = Elapsed time spent in this place.
 B = Non-inter-level travel time spent in this place.
 C = Inter-level travel time spent in this place.
 D = Time resting spent in this place.
 E = Time spent auto-exploring this place.
 F = Levels seen in this place.
 G = Mean time per level.
                   A        B        C        D        E       F      G
               +--------+--------+--------+--------+--------+-----+--------+
         Total |   1554 |   1514 |     40 |      0 |   1266 |   3 |  518.0 |
       Dungeon |   1554 |   1514 |     40 |      0 |   1266 |   3 |  518.0 |
               +--------+--------+--------+--------+--------+-----+--------+

Top non-repeatable levels by time:
     D:1: 792 daAuts
     D:2: 698 daAuts
     D:3: 63 daAuts
